 Dungeon Crawl Stone Soup version 0.23.0 (webtiles) character file.

Game seed: 11804491793732204432

1365 goblindog the Shield-Bearer (level 8, -5/48 HPs)
             Began as a Gargoyle Fighter on Feb 17, 2019.
             Was a Follower of Fedhas.
             Killed from afar by an orc wizard (11 damage)
             ... with a magic dart
             ... on level 5 of the Dungeon.
             The game lasted 00:25:19 (4058 turns).

goblindog the Shield-Bearer (Gargoyle Fighter)      Turns: 4058, Time: 00:25:19

Health: -5/48      AC:  6    Str: 22    XL:     8   Next: 65%
Magic:  8/8        EV: 11    Int: 11    God:    Fedhas [*.....]
Gold:   278        SH: 11    Dex: 16    Spells: 7/7 levels left

rFire    . . .     SeeInvis .   o - -1 hand axe (curse)
rCold    . . .     Gourm    .   c - +0 shield
rNeg     + . .     Faith    .   x - +2 leather armour of Wariness {MR+ Dex+5}
rPois    ∞         Spirit   .   (no helmet)
rElec    +         Reflect  .   (no cloak)
rCorr    .         Harm     .   v - +2 pair of gloves
MR       +....                  (no boots)
Stlth    ++........             (no amulet)
HPRegen  0.16/turn              (no ring)
MPRegen  0.11/turn              (no ring)

@: corroded
A: clever 1, negative energy resistance 1, electricity resistance, strong 1,
unbreathing, petrification resistance, rot immunity, AC +5
a: Fungal Bloom, Sunlight, Renounce Religion


You were on level 5 of the Dungeon.
You worshipped Fedhas.
Fedhas was aware of your devotion.
You were full.

You visited 1 branch of the dungeon, and saw 5 of its levels.

You collected 278 gold pieces.

Inventory:

Hand Weapons
 a - a +0 flail
 m - a +1 whip of freezing
 o - a cursed -1 hand axe (weapon)
 q - a +0 trident
 s - a +1 whip of draining
 u - a +1 long sword of slicing
 y - a +0 flail
 A - a +1 whip of venom
Armour
 b - a +0 scale mail
 c - a +0 shield (worn)
 v - a +2 pair of gloves (worn)
 x - the +2 leather armour of Wariness (worn) {MR+ Dex+5}
   (You found it on level 4 of the Dungeon)

   It affects your dexterity (+5).
   It affects your resistance to hostile enchantments.
Wands
 p - a wand of clouds (3)
Scrolls
 e - 2 scrolls of teleportation {unknown}
 g - a scroll of blinking {unknown}
 h - 2 scrolls of fear {unknown}
 i - 2 scrolls of noise {unknown}
 j - 2 scrolls of remove curse {unknown}
 l - a scroll of amnesia {unknown}
 n - a scroll of fog {unknown}
 r - 2 scrolls of immolation {unknown}
 t - a scroll of magic mapping {unknown}
Potions
 d - a potion of might
 k - a potion of ambrosia {unknown}
 w - 2 potions of lignification {unknown}
 B - a potion of magic {unknown}
 C - a potion of agility {unknown}
Comestibles
 f - 4 rations


   Skills:
 + Level 4.8 Fighting
 + Level 5.5(5.8) Axes
 + Level 3.0(4.9) Maces & Flails
 + Level 4.5 Armour
 + Level 2.8 Dodging
 + Level 1.9 Stealth
 + Level 6.3 Shields


You had 7 spell levels left.
You didn't know any spells.
Your spell library contained the following spells:

 Spells                   Type           Power        Failure   Level  Hunger
 Summon Small Mammal      Summ           #...         77%         1    ##.....
 Call Imp                 Summ           #.......     88%         2    ###....
 Call Canine Familiar     Summ           #.......     98%         3    ####...
 Summon Guardian Golem    Hex/Summ       #.......     98%         3    ####...
 Summon Ice Beast         Ice/Summ       #.......     100%        4    #####..
 Summon Lightning Spire   Summ/Air       #.......     100%        4    #####..


Dungeon Overview and Level Annotations

Branches:
Dungeon (5/15)
 Temple: D:4-7

Altars:
Fedhas
Nemelex Xobeh

Shops:
D:4 :


Innate Abilities, Weirdness & Mutations

You are resistant to torment.
Your stone body is resilient. (AC +5)
You are immune to poison.
You resist negative energy. (rN+)
You are resistant to electric shocks. (rElec)
You can survive without breathing.
You are immune to petrification.
You are immune to rotting.
Your mind is acute. (Int +2)
Your muscles are strong. (Str +2)


Message History

The jelly barely misses you.
The jelly jiggles.
There is an open door here.
The orc wizard mumbles some strange words.
The orc wizard blinks!
The orc wizard hits you but does no damage.
The orc wizard points at you and mumbles some strange words.
The magic dart hits you.
* * * LOW HITPOINT WARNING * * *
The orc wizard gestures wildly while chanting.
The orc wizard seems to speed up.
The orc wizard gestures wildly while chanting.
The orc wizard blinks!
The orc wizard mumbles some strange words.
The orc wizard blinks!
You hear some strange, mumbled words.
The orc wizard gestures at you while chanting.
The magic dart hits you!
You die...
Fedhas appreciates your contribution to the ecosystem.

#..##.l.#
##.##...#
#..#...#
##.#...#
#...{.#
########....#
#........oJ##
#..........#
#....†....@#
#........#>#
#........###
#........#
#........#
#........#
##########


You could see a jelly and an orc wizard.

Vanquished Creatures
  Pikel (D:3)
  A phantom (D:4)
  An ogre (D:4)
  2 scorpions (D:4)
  A centaur zombie (D:5)
  A crimson imp (D:5)
  A hound (D:4)
  A jelly (D:5)
  An orc priest (D:5)
  4 orc wizards
  2 iguanas
  5 worker ants
  A hound skeleton (D:5)
  A worker ant zombie (D:5)
  4 gnolls (D:4)
  4 adders
  2 oozes (D:2)
  An adder skeleton (D:5)
  5 worms
  2 dart slugs
  4 leopard geckos
  6 orcs
  5 bats
  6 giant cockroaches
  5 goblins
  12 hobgoblins
  8 jackals (D:4)
  2 quokkas
  3 ball pythons
  2 frilled lizards
  6 kobolds
  A leopard gecko skeleton (D:4)
  7 rats
108 creatures vanquished.

Vanquished Creatures (others)
  9 toadstools (D:3)
9 creatures vanquished.

Grand Total: 117 creatures vanquished

Notes
Turn   | Place    | Note
-------+----------+-------------------------------------------
     0 | D:1      | goblindog the Gargoyle Fighter began the quest for the Orb.
     0 | D:1      | Reached XP level 1. HP: 14/14 MP: 1/1
    18 | D:1      | Noticed a lindwurm
    18 | D:1      | Noticed a worker ant
    18 | D:1      | Noticed a komodo dragon
    18 | D:1      | Noticed a black bear
    18 | D:1      | Noticed a hound
   280 | D:1      | Reached XP level 2. HP: 18/19 MP: 2/2
   835 | D:2      | Reached XP level 3. HP: 10/23 MP: 3/3
  1192 | D:2      | Reached XP level 4. HP: 28/28 MP: 4/4
  2047 | D:3      | Found a blossoming altar of Fedhas.
  2066 | D:3      | Noticed an oklob plant
  2074 | D:3      | Became a worshipper of Fedhas Madash
  2223 | D:4      | Reached skill level 1 in Dodging
  2229 | D:4      | Got a twisted leather armour
  2240 | D:4      | Identified the +2 leather armour of Wariness {MR+ Dex+5}
                  | (You found it on level 4 of the Dungeon)
  2255 | D:4      | Noticed a phantom
  2343 | D:4      | Killed a phantom
  2343 | D:4      | Reached skill level 1 in Axes
  2343 | D:4      | Reached skill level 4 in Shields
  2343 | D:4      | Reached XP level 5. HP: 21/33 MP: 5/5
  2394 | D:4      | Noticed an ogre
  2417 | D:4      | Killed an ogre
  2417 | D:4      | Reached XP level 6. HP: 19/38 MP: 6/6
  2465 | D:4      | Found Biezidac's Book Emporium.
  2752 | D:4      | Noticed Pikel
  2752 | D:4      | Noticed a slave
  2752 | D:4      | Noticed a slave
  2752 | D:4      | Noticed a slave
  2752 | D:4      | Noticed a slave
  2762 | D:3      | Gained mutation: Your muscles are strong. (Str +2) [potion
                  | of mutation]
  2762 | D:3      | Gained mutation: Your mind is acute. (Int +2) [potion of
                  | mutation]
  2777 | D:3      | Killed Pikel
  2777 | D:3      | Reached skill level 1 in Stealth
  2777 | D:3      | Reached skill level 5 in Shields
  2777 | D:3      | Reached XP level 7. HP: 13/44 MP: 7/7
  3011 | D:4      | Found a sparkling altar of Nemelex Xobeh.
  3106 | D:4      | Reached XP level 8. HP: 27/48 MP: 8/8
  3503 | D:4      | Reached skill level 6 in Shields
  3518 | D:5      | Reached * piety under Fedhas
  3518 | D:5      | Entered Level 5 of the Dungeon
  3611 | D:5      | Reached skill level 5 in Axes
  4058 | D:5      | Killed from afar by an orc wizard

Skill      XL: |  1  2  3  4  5  6  7  8 |
---------------+-------------------------+-----
Maces & Flails | 3 |  3.0
Armour         | 4 |  4.5
Dodging        | 1 2 |  2.8
Axes           | 1 2 4 5 |  5.5
Shields        | 4 5 6 |  6.3
Fighting       | 4 |  4.8
Stealth        | 1 |  1.9

Action                   |  1- 3 |  4- 6 |  7- 9 || total
-------------------------+-------+-------+-------++-------
Melee: Flail             |   147 |       |       ||   147
       Hand axe          |     3 |   299 |   283 ||   585
  Use: Potion            |       |     6 |     3 ||     9
 Stab: Invisible         |       |     2 |       ||     2
       Sleeping          |       |     1 |     1 ||     2
  Eat: Ration            |     2 |     2 |     1 ||     5
Armor: Scale mail        |    76 |    76 |       ||   152
       Leather armour    |       |    62 |    91 ||   153
Dodge: Dodged            |    50 |    98 |    89 ||   237
Block: Shield            |    72 |   151 |   109 ||   332
